 Dungeon Crawl Stone Soup version 0.27-a0-1194-g35abcb9 (webtiles) character file.

Game seed: 1369534546084022827

164 2tousent the Ruffian (level 5, -2/40 HPs)
             Began as a Draconian Transmuter on May 26, 2021.
             Was a Believer of Hepliaklqana.
             Killed from afar by an orc wizard (4 damage)
             ... with a magic dart
             ... on level 4 of the Dungeon.
             The game lasted 00:05:13 (2838 turns).

2tousent the Ruffian (Draconian Transmuter)         Turns: 2838, Time: 00:05:13

Health: -2/40      AC:  5    Str: 13    XL:     5   Next: 21%
Magic:  6/8        EV: 12    Int: 13    God:    Hepliaklqana [**....]
Gold:   178        SH:  0    Dex: 12    Spells: 2/8 levels left

rFire    . . .     SeeInvis .     - Unarmed
rCold    . . .     Faith    .   (no shield)
rNeg     . . .     Spirit   .   (armour unavailable)
rPois    .         Reflect  .   (helmet restricted)
rElec    .         Harm     .   a - scarf {+Inv}
rCorr    .         Rampage  .   (no gloves)
Will     .....                  (no boots)
Stlth    +.........             (no amulet)
HPRegen  0.13/turn              (no ring)
MPRegen  0.11/turn              (no ring)

@: no status effects
A: reduced essence, AC +5, unfitting armour, cold-blooded
a: Renounce Religion, Evoke Invisibility, Recall Ancestor, Ancestor Identity


You were on level 4 of the Dungeon.
You worshipped Hepliaklqana.
Hepliaklqana was pleased with you.
You visited 1 branch of the dungeon, and saw 4 of its levels.

You collected 178 gold pieces.

Inventory:

Armour
 a - a scarf of invisibility (worn)
Jewellery
 d - a ring of fire
 e - an amulet of magic regeneration
Wands
 g - a wand of mindburst (11)
 k - a wand of acid (12)
Scrolls
 c - a scroll of teleportation
Potions
 b - a potion of flight
 f - a potion of cancellation
 i - a potion of invisibility {unknown}
 j - a potion of attraction {unknown}
 l - a potion of ambrosia {unknown}
 m - a potion of haste {unknown}


   Skills:
 - Level 3.0 Fighting
 * Level 2.6 Dodging
 + Level 4.0 Unarmed Combat
 - Level 2.0 Spellcasting
 + Level 3.3 Transmutations


You had 2 spell levels left.
You knew the following spells:

 Your Spells              Type           Power      Damage    Failure   Level
a - Beastly Appendage     Tmut           18%        N/A       7%          1
b - Wereblood             Tmut           9%         N/A       10%         2
c - Spider Form           Tmut/Pois      2%         N/A       36%         3

Your spell library contained the following spells:

 Spells                   Type           Power      Damage    Failure   Level
 Ice Form                 Ice/Tmut       5%         N/A       78%         4
 Hydra Form               Tmut           4%         N/A       88%         5


Dungeon Overview and Level Annotations

Branches:
Dungeon (4/15)
 Temple: D:4-7

Altars:
Hepliaklqana


Innate Abilities, Weirdness & Mutations

Your life essence is reduced to manifest your ancestor. (-10% HP)
Your plain brown scales are hard. (AC +5)
You cannot fit into any form of body armour.
You are cold-blooded and may be slowed by cold attacks.


Message History

Casting: Beastly Appendage (safe; 7% risk of failure)
Confirm with . or Enter, or press ? or * to list all spells.
Okay, then.
The orc throws a silver boomerang.
The silver boomerang barely misses you.
The orc throws a silver boomerang.
The silver boomerang misses you.
The orc throws a silver boomerang.
The silver boomerang hits you.
Casting: Beastly Appendage (safe; 7% risk of failure)
Confirm with . or Enter, or press ? or * to list all spells.
The spell is quite dangerous to cast (36% risk of failure)!
Continue anyway?
You turn into a venomous arachnid creature.
Your scarf of invisibility melds into your body.
You hit the orc.
The orc is poisoned.
The orc is severely wounded.
The orc hits you but does no damage.
You bite the orc!
You kill the orc!
Your transformation is almost over.
You bite the orc!
You kill the orc!
You hit something. You closely miss something. Something completely misses you.
You barely miss something. Something hits you.
You closely miss something.
You hear some strange, mumbled words.
A magic dart appears from out of thin air!
The magic dart hits you!
* * * LOW HITPOINT WARNING * * *
You closely miss something. Something hits you.
* * * LOW HITPOINT WARNING * * *
You closely miss something. Something barely misses you.
You hear some strange, mumbled words.
A puff of flame appears from out of thin air!
The puff of flame hits you.
* * * LOW HITPOINT WARNING * * *
Your transformation has ended.
Your scarf of invisibility unmelds from your body.
You become transparent for a moment.
A magic dart appears from out of thin air!
The magic dart hits you.
You die...

.........
.......
[.... )).
#'# #{#
#.# ##.##
##..@##
#.....#
##..<##
##.## ###


There were no monsters in sight!

Vanquished Creatures
  Ijyb (D:4)
  An orc wizard (D:3)
  2 adders
  2 dart slugs
  4 orcs
  5 ball pythons
  5 endoplasms
  3 giant cockroaches
  A goblin (D:1)
  5 hobgoblins
  7 jackals
  2 kobolds
  5 quokkas
  6 bats
  A frilled lizard (D:1)
  3 rats
53 creatures vanquished.

Vanquished Creatures (collateral kills)
  2 adders
  2 orcs (D:3)
  A ball python (D:3)
  2 bats
  A giant cockroach (D:2)
  A jackal (D:3)
9 creatures vanquished.

Vanquished Creatures (others)
  A battlemage (D:4)
1 creature vanquished.

Grand Total: 63 creatures vanquished

Notes
Turn   | Place    | Note
-------+----------+-------------------------------------------
     0 | D:1      | 2tousent the Draconian Transmuter began the quest for the
                  | Orb.
     0 | D:1      | Reached XP level 1. HP: 16/16 MP: 3/3
    81 | D:1      | Reached XP level 2. HP: 22/24 MP: 5/5
   221 | D:1      | Learned a level 2 spell: Wereblood
   729 | D:2      | Found a faded altar of an unknown god.
   756 | D:2      | Became a worshipper of Hepliaklqana the Forgotten
   756 | D:2      | Reached * piety under Hepliaklqana
   832 | D:2      | Reached XP level 3. HP: 23/27 MP: 6/6
  1591 | D:2      | Reached XP level 4. HP: 32/34 MP: 7/7
  2035 | D:3      | Reached ** piety under Hepliaklqana
  2036 | D:3      | Remembered your ancestor Shunnar as a battlemage
  2193 | D:3      | Learned a level 3 spell: Spider Form
  2809 | D:4      | Noticed Ijyb
  2812 | D:4      | Killed Ijyb
  2813 | D:4      | Reached skill level 4 in Unarmed Combat
  2813 | D:4      | Reached XP level 5. HP: 24/40 MP: 8/8
  2837 | D:4      | HP: 2/40 [something/puff of flame (6)]
  2838 | D:4      | Killed from afar by an orc wizard

Illustrated notes

Levels and vault maps discovered:
D:1:      kennysheep_arrival_seaside, layout_rooms
D:2:      minmay_spotlight, layout_loops_ring,
          hellmonk_ecumenical_altar_lost_god
D:3:      layout_basic
D:4:      layout_loops_corners, jmf_multi_god_temple, uniq_ijyb

Skill      XL: |  1  2  3  4 |
---------------+-------------+-----
Fighting       | 2 3 |  3.0
Transmutations | 3 |  3.3
Dodging        | 2 |  2.6
Unarmed Combat | 4 |  4.0
Spellcasting   | |  2.0

Action                   |  1- 3 |  4- 6 || total
-------------------------+-------+-------++-------
Melee: Unarmed           |   120 |    53 ||   173
       Tailslap          |    11 |     2 ||    13
       Punch             |     3 |     1 ||     4
       Kick              |     9 |     3 ||    12
       Headbutt          |     4 |       ||     4
 Cast: Beastly Appendage |    11 |     6 ||    17
       Spider Form       |       |     1 ||     1
Invok: Ancestor Life: Ba |       |     1 ||     1
  Use: Scroll            |     4 |     3 ||     7
 Stab: Distracted        |     1 |       ||     1
       Sleeping          |       |     2 ||     2
Armor: Skin              |    33 |    19 ||    52
Dodge: Dodged            |   102 |    35 ||   137

Table legend: (Time is in decaauts)
 A = Elapsed time spent in this place.
 B = Non-inter-level travel time spent in this place.
 C = Inter-level travel time spent in this place.
 D = Time resting spent in this place.
 E = Time spent auto-exploring this place.
 F = Levels seen in this place.
 G = Mean time per level.
                   A        B        C        D        E       F      G
               +--------+--------+--------+--------+--------+-----+--------+
         Total |   2833 |   2698 |    135 |      0 |   2296 |   4 |  708.2 |
       Dungeon |   2833 |   2698 |    135 |      0 |   2296 |   4 |  708.2 |
               +--------+--------+--------+--------+--------+-----+--------+

Top non-repeatable levels by time:
     D:2: 1118 daAuts
     D:3: 973 daAuts
     D:1: 707 daAuts
     D:4: 34 daAuts
